 Dungeon Crawl Stone Soup version 0.22-a0-456-g11ed031617 (webtiles) character file.

338083 Kriby the Severer (level 22, -1/196 HPs)
             Began as a Human Abyssal Knight on June 7, 2018.
             Was the Champion of Lugonu.
             Slain by a ghoul (11 damage)
             ... on level 1 of the Crypt.
             The game lasted 01:42:13 (70960 turns).

Kriby the Severer (Human Abyssal Knight)           Turns: 70960, Time: 01:42:14

Health: -1/196     AC: 22    Str: 22    XL:     22   Next: 92%
Magic:  40/40      EV: 21    Int: 10    God:    Lugonu [******]
Gold:   2898       SH:  0    Dex: 16    Spells: 21/21 levels left

rFire    + + .     SeeInvis +   a - +9 broad axe (freeze)
rCold    + . .     Gourm    .   K - +1 large shield {AC+3}
rNeg     + . .     Faith    .   X - +0 swamp dragon scales
rPois    +         Spirit   .   C - +1 helmet
rElec    +         Reflect  +   Q - scarf {rC+ rF+}
rCorr    .         Harm     .   z - +1 pair of gloves "Raomaq" {rN+ MR+ Str+4}
MR       ++++.                  g - +0 pair of boots
Stlth    ..........             H - +5 amulet of reflection
HPRegen  0.42/turn              i - ring of see invisible
MPRegen  0.27/turn              T - ring of Ompaxki {rElec rF+ MR++ MP+9}

@: confused, slowed, drained, very slow
A: dopey 1, robust 1, weak 1
}: 2/15 runes: decaying, gossamer
a: Depart the Abyss, Bend Space, Banish, Corrupt, Enter the Abyss, Renounce
Religion


You were on level 1 of the Crypt.
You worshipped Lugonu.
Lugonu was exalted by your worship.
You were not hungry.

You visited 7 branches of the dungeon, and saw 37 of its levels.
You visited the Abyss 2 times.
You also visited: Labyrinth, Bailey and Ice Cave.

You collected 4418 gold pieces.
You spent 1520 gold pieces at shops.

Inventory:

Hand Weapons
 a - a +9 broad axe of freezing (weapon)
 P - a +3 battleaxe of flaming
Missiles
 t - 9 throwing nets (quivered)
Armour
 b - +0 fire dragon scales
 g - a +0 pair of boots (worn)
 p - a +0 large shield of fire resistance
 z - the +1 pair of gloves "Raomaq" (worn) {rN+ MR+ Str+4}
   (You bought it in a shop on level 15 of the Dungeon)

   It affects your strength (+4).
   It protects you from negative energy.
   It affects your resistance to hostile enchantments.
 C - a +1 helmet (worn)
 K - a +1 large shield of protection (worn)
 Q - a scarf of resistance (worn)
 X - +0 swamp dragon scales (worn)
Jewellery
 f - an uncursed ring of protection from fire
 i - a ring of see invisible (left hand)
 m - an uncursed ring of protection from magic
 o - an uncursed ring of poison resistance
 r - an uncursed ring of resist corrosion
 v - a +3 ring of evasion
 H - a +5 amulet of reflection (around neck)
 T - the ring of Ompaxki (right hand) {rElec rF+ MR++ MP+9}
   (You found it on level 3 of the Lair of Beasts)

   [ring of magical power]

   It protects you from fire.
   It insulates you from electricity.
   It affects your resistance to hostile enchantments.
   It affects your magic capacity (+9).
 Z - an uncursed amulet of regeneration
Wands
 u - a wand of flame (92)
 D - a wand of iceblast (13) {@v4}
 I - a wand of digging (60) {@v1}
 S - a wand of paralysis (17)
Scrolls
 d - 10 scrolls of identify {@r1}
 h - 23 scrolls of teleportation {@r3}
 j - 5 scrolls of magic mapping
 k - 15 scrolls of remove curse {@r2}
 n - 6 scrolls of amnesia
 y - a scroll of fear
 G - 3 scrolls of immolation
 J - a scroll of enchant weapon
 L - a scroll of brand weapon
 M - 6 scrolls of silence
 R - 5 scrolls of enchant armour
 U - a scroll of vulnerability
 Y - 4 scrolls of fog
Potions
 e - 5 potions of ambrosia
 l - a potion of might {@q4}
 q - 7 potions of lignification
 w - 5 potions of magic
 x - 4 potions of resistance
 A - 7 potions of brilliance
 B - a potion of agility {@q5}
 E - 8 potions of flight
 F - 5 potions of mutation
 N - 7 potions of curing {@q1}
 W - 3 potions of cancellation
Miscellaneous
 V - a phial of floods
Comestibles
 c - 33 rations {@e1}


   Skills:
 + Level 16.4(16.2) Fighting
 - Level 18.2(18.1) Axes
 - Level 5.0(4.8) Throwing
 + Level 16.3(16.2) Armour
 + Level 16.3(16.1) Dodging
 * Level 14.4(14.3) Shields
 - Level 12.1(12.0) Invocations


You had 21 spell levels left.
You didn't know any spells.
Your spell library contained the following spells:

 Spells                   Type           Power        Failure   Level  Hunger
 Magic Dart               Conj           #...         91%         1    ##.....
 Fireball                 Conj/Fire      #.........   100%        5    ######.
 Apportation              Tloc           #.....       91%         1    ##.....
 Conjure Flame            Conj/Fire      #.......     99%         3    ####...
 Bolt of Fire             Conj/Fire      #.........   100%        6    #######
 Slow                     Hex            #.......     97%         2    ###....
 Confuse                  Hex            #.......     99%         3    ####...
 Mephitic Cloud           Conj/Pois/Air  #.......     99%         3    ####...
 Ring of Flames           Chrm/Fire      #.........   100%        7    #######
 Teleport Other           Tloc           #.......     99%         3    ####...
 Summon Small Mammal      Summ           #...         91%         1    ##.....
 Blink                    Tloc           N/A          97%         2    ###....
 Iskenderun's Mystic Bla  Conj           #.......     100%        4    #####..
 Animate Dead             Necr           N/A          100%        4    #####..
 Pain                     Necr           #...         91%         1    ##.....
 Animate Skeleton         Necr           N/A          91%         1    ##.....
 Vampiric Draining        Necr           #.........   99%         3    ####...
 Call Imp                 Summ           #.......     97%         2    ###....
 Regeneration             Chrm/Necr      #.........   99%         3    ####...
 Corpse Rot               Necr           N/A          97%         2    ###....
 Stone Arrow              Conj/Erth      #.....       99%         3    ####...
 Spider Form              Tmut/Pois      #.........   99%         3    ####...
 Blade Hands              Tmut           #.........   100%        5    ######.
 Ice Form                 Ice/Tmut       #.......     100%        4    #####..
 Confusing Touch          Hex            #.....       91%         1    ##.....
 Passwall                 Tmut/Erth      #.......     97%         2    ###....
 Ignite Poison            Fire/Tmut/Pois #.......     99%         3    ####...
 Sticks to Snakes         Tmut           #.......     97%         2    ###....
 Metabolic Englaciation   Hex/Ice        #.........   100%        5    ######.
 Lee's Rapid Deconstruct  Erth           #.........   100%        5    ######.
 Sandblast                Erth           #.....       91%         1    ##.....
 Petrify                  Tmut/Erth      #.......     100%        4    #####..
 Passage of Golubria      Tloc           N/A          100%        4    #####..
 Leda's Liquefaction      Hex/Erth       #.........   100%        4    #####..
 Summon Hydra             Summ           #.........   100%        7    #######
 Shroud of Golubria       Chrm/Tloc      #.........   97%         2    ###....
 Beastly Appendage        Tmut           #.....       91%         1    ##.....
 Fulminant Prism          Conj/Hex       #.........   100%        4    #####..
 Dazzling Spray           Conj/Hex       #.....       99%         3    ####...
 Force Lance              Conj/Tloc      #.......     100%        4    #####..
 Searing Ray              Conj           #.....       97%         2    ###....
 Summon Forest            Summ/Tloc      #.........   100%        5    ######.
 Hydra Form               Tmut           #.........   100%        6    #######
 Gell's Gravitas          Tloc           #.........   99%         3    ####...
 Yara's Violent Unravell  Hex/Tmut       #.........   100%        5    ######.
 Lesser Beckoning         Tloc           #.........   99%         3    ####...
 Ignition                 Fire           #.........   100%        8    #######


Dungeon Overview and Level Annotations

Branches:
Dungeon (15/15)            Temple (0/1) D:7            Lair (6/6) D:11
  Swamp (4/4) Lair:3       Spider (4/4) Lair:2        Slime (0/5) Lair:6
    Orc (2/2) D:12            Elf (0/3) Orc:2        Vaults (4/5) D:13
  Crypt (2/3) Vaults:2     Depths (0/5) D:15

Altars:
Ru
Yredelemnul
Beogh

Shops:
D:4 (   D:8 %(   D:9 !   D:12 =}   D:13 (   D:15 [   Orc:2 %[?=

Annotations:
D:3 Kriby's ghost, novice HuAK
D:5 1 runed door
Lair:3 exclusion: oklob plant
Abyss:1 Erolcha; Fannar; Sonja


Innate Abilities, Weirdness & Mutations

You are dopey. (Int -2)
You are robust. (+10% HP)
You are weak. (Str -2)


Message History

You block the ghoul's attack. x2; The ghoul misses you.
You slice the ghoul!! You freeze the ghoul.
The ghoul is severely damaged.
You slash the ghoul! You freeze the ghoul. You block the ghoul's attack.
The ghoul claws you!
* * * LOW HITPOINT WARNING * * *
You block the ghoul's attack. The ghoul claws you but does no damage.
You are confused.
You feel invigorated. The ghoul misses you. x2
The ghoul completely misses you. The ghoul closely misses you.
You completely miss the ghoul.
The ghoul is moderately damaged.
You closely miss the ghoul. The ghoul closely misses you. The ghoul claws you.
* * * LOW HITPOINT WARNING * * *
The ghoul barely misses you. The ghoul claws you!
* * * LOW HITPOINT WARNING * * *
The ghoul claws you!
* * * LOW HITPOINT WARNING * * *
The ghoul claws you!
You die...

.#.#.#####.# #.# #...#
#.# ##.#....##.#####.#
#...# #.#
##.#....##.##....#
#...# #.#
.........#.##....#
###.# #.#
##...#...#.##....# #.#
#.###
#<........###...#
#.###...#
##)#........####.#
#.......#
...#........# #n#
#..##...#
...##.......# #@#
#..######
...####....#####n#
#..#
##.#######.#...#.#
#..#
##.#...###.....#.#
#..#
.[)......#.....#.#
#..#
##.#...#.#.......#
#..#
#.........>.....#####
#..#
####....#.#.........#
#..####
#####.......###......#
#.....#


You could see 2 ghouls.

Vanquished Creatures
  An ancient lich (Vaults:3)
  the Lernaean hydra (Swamp:4)
  A bone dragon (Abyss:1)
  A sphinx (Vaults:4)
  2 liches (Vaults:4)
  An ancient champion (Crypt:2)
  A tentacled starspawn (Abyss:1)
  A thorn hunter (Swamp:3)
  A tengu reaver (Vaults:3)
  Kirke (Lair:6)
  A shadow dragon (Vaults:3)
  A fire giant (Vaults:3)
  4 ghost moths
  A frost giant (Vaults:4)
  5 emperor scorpions
  A deep elf sorcerer (Vaults:4)
  An orc warlord (Vaults:4)
  Louise (Spider:3)
  8 vault wardens
  5 very ugly things (Vaults:3)
  5 stone giants
  12 ironheart preservers
  8 ghouls
  5 entropy weavers
  A spark wasp (Spider:4)
  A deep elf demonologist (Vaults:4)
  5 vampire knights
  Azrael (Spider:3)
  5 eidola
  An ettin (Vaults:3)
  2 deep elf death magi
  2 fire dragons
  12 ogre magi
  A great orb of eyes (Vaults:3)
  11 yaktaur captains
  4 ice dragons
  11 jiangshi
  The ghost of Liquorice the Brawler, a journeyman TrMo of Dithmenos (D:12)
  7 vault guards
  2 hydras (Swamp:4)
  4 ghost crabs
  6 centaur warriors
  A merfolk avatar (Lair:6)
  4 death knights
  3 rakshasas
  24 two-headed ogres
  12 alligators
  4 death yaks (Lair:6)
  A deep troll earth mage (Vaults:3)
  A dancing weapon (Vaults:3)
  A thrashing horror (Abyss:1)
  4 vampire magi
  2 wretched stars (Abyss:1)
  3 soul eaters
  Nergalle (D:12)
  3 deep elf knights
  15 skeletal warriors
  2 titan skeletons
  An iron troll (Orc:2)
  A sixfirhy (Abyss:1)
  An anaconda zombie (Crypt:2)
  3 flayed ghosts
  A glowing orange brain (Vaults:3)
  4 deep trolls
  3 wizards
  2 unseen horrors
  A spriggan druid (Swamp:4)
  5 phantasmal warriors
  A deep elf archer (Vaults:4)
  A shambling mangrove (Swamp:1)
  11 swamp dragons
  9 harpies
  A tengu skeleton (Vaults:4)
  8 orc knights
  11 orb spiders
  5 deep elf magi
  9 ironbrand convokers
  7 necromancers
  A lindwurm (Lair:6)
  The ghost of Kriby the Chopper, a novice HuAK of Lugonu (D:4)
  30 ugly things
  32 wolf spiders
  A manticore (D:13)
  4 orc sorcerers
  2 moths of wrath
  4 cyclopes
  A shadow dragon skeleton (Crypt:2)
  7 elephants
  12 vault sentinels
  3 torpor snails
  A human skeleton (Vaults:4)
  A dire elephant zombie (Crypt:1)
  An eye of devastation (Lair:6)
  7 black mambas
  2 ice statues (IceCv)
  23 spiny frogs
  3 gargoyles
  An orange demon (Abyss:1)
  A naga mage (D:15)
  5 freezing wraiths
  5 rime drakes (Lair:6)
  A kobold demonologist (D:15)
  A large abomination (Abyss:1)
  A storm dragon simulacrum (Crypt:2)
  16 komodo dragons
  27 yaktaurs
  9 demonic crawlers
  A komodo dragon (shapeshifter) (Vaults:3)
  A green draconian skeleton (Crypt:1)
  A tengu conjurer (D:15)
  15 tyrant leeches
  A catoblepas skeleton (Crypt:2)
  30 jumping spiders
  A polar bear (Lair:6)
  14 trolls
  A hydra zombie (Crypt:2)
  A wind drake (Lair:6)
  A meliai (shapeshifter) (Vaults:1)
  19 hornets
  19 blink frogs
  7 bog bodies
  A harpy skeleton (D:15)
  Grinder (D:5)
  A fire giant simulacrum (Vaults:3)
  37 slime creatures
  An ice dragon zombie (Crypt:1)
  12 hippogriffs
  2 stone giant simulacra (Vaults:4)
  A flying skull (Abyss:1)
  61 redbacks
  2 ynoxinuls (Abyss:1)
  7 spriggans
  2 meliai zombies
  A satyr skeleton (Crypt:2)
  30 tarantellas
  An ettin skeleton (Crypt:2)
  2 wraiths
  5 fire bats
  3 shadows
  3 vampires (Vaults:2)
  6 wyverns
  3 hogs (Lair:6)
  4 fire elementals (Spider:3)
  17 humans (D:13)
  54 yaks
  17 vampire mosquitoes
  2 hungry ghosts
  A warg (Vaults:3)
  14 swamp worms
  2 acid dragons
  19 insubstantial wisps
  A spiny frog zombie (Crypt:1)
  5 soldier ants
  A water nymph zombie (Crypt:1)
  4 hell hounds (Spider:3)
  A floating eye (shapeshifter) (Vaults:3)
  13 swamp drakes
  A hornet zombie (D:15)
  11 porcupines
  16 water moccasins
  24 orc warriors
  3 sky beasts
  3 black bears
  2 phantoms
  An eye of draining (Lair:6)
  12 ice beasts
  A manticore zombie (Crypt:1)
  41 ogres
  3 necrophages
  A snapping turtle zombie (Crypt:2)
  A fire dragon simulacrum (Crypt:2)
  15 centaurs
  A boggart (Vaults:2)
  12 wolves
  13 crocodiles
  2 small abominations (Abyss:1)
  2 big kobolds
  22 bullfrogs
  2 wyvern zombies
  10 gnoll sergeants
  A queen bee zombie (Crypt:1)
  8 scorpions
  11 killer bees
  8 wights
  A howler monkey (D:10)
  A raiju skeleton (Crypt:1)
  3 electric eels
  A wolf skeleton (Crypt:2)
  9 crimson imps
  2 bullfrog zombies
  6 hounds
  4 quasits
  5 centaur zombies
  9 jellies
  18 orc wizards
  A bullfrog skeleton (D:13)
  6 centaur skeletons
  12 orc priests
  6 gnoll shamans (Bailey)
  7 iguanas
  4 hell rats (Lair:3)
  13 worker ants
  A crocodile zombie (Crypt:1)
  An acid dragon skeleton (Crypt:2)
  3 hound skeletons
  2 mummies (D:15)
  27 gnolls
  17 adders
  5 river rats (Lair:3)
  2 shadow imps
  12 white imps (Lair:1)
  8 oozes
  3 worms
  2 dart slugs
  4 leopard geckos
  76 orcs
  5 giant cockroaches
  14 goblins
  9 hobgoblins
  12 jackals
  3 quokkas
  4 ball pythons
  4 bats
  3 frilled lizards
  A goblin zombie (D:5)
  A hobgoblin zombie (Crypt:2)
  21 kobolds
  A leopard gecko skeleton (D:5)
  2 leopard gecko zombies
  9 rats
  A rat skeleton (Crypt:2)
  A river rat zombie (Crypt:2)
  6 fungi
  4 plants
  A withered plant (D:15)
1564 creatures vanquished.

Vanquished Creatures (collateral kills)
  A ghoul (Crypt:1)
  An eidolon (Crypt:1)
  A two-headed ogre (D:15)
  A skeletal warrior (Crypt:1)
4 creatures vanquished.

Vanquished Creatures (others)
  3 emperor scorpions
  A ghost moth (Spider:4)
  An entropy weaver (Spider:4)
  A vampire knight (Vaults:2)
  A minotaur (Lab)
  A yaktaur captain (Vaults:3)
  15 hydras
  A two-headed ogre (D:14)
  An alligator (Swamp:2)
  A centaur warrior (Vaults:1)
  A queen ant (Spider:4)
  An unseen horror (D:15)
  A wolf spider (Spider:3)
  A cyclops (Vaults:1)
  4 yaktaurs
  A rime drake (Lair:6)
  A demonic crawler (Spider:4)
  2 hornets
  A tyrant leech (Swamp:3)
  2 redbacks (Spider:4)
  A tarantella (Spider:4)
  A wyvern (Lair:6)
  A soldier ant (Spider:4)
  An ogre (Vaults:4)
  4 centaurs
  An orc wizard (Orc:2)
  A fire vortex (Lair:3)
  55 fungi
  55 plants
161 creatures vanquished.

Grand Total: 1729 creatures vanquished

Notes
Turn   | Place    | Note
-------+----------+-------------------------------------------
     0 | Abyss:1  | Kriby the Human Abyssal Knight began the quest for the Orb.
     0 | Abyss:1  | Reached XP level 1. HP: 18/18 MP: 2/2
    86 | Abyss:2  | Noticed a bone dragon
    90 | Abyss:2  | Noticed a thrashing horror
    90 | Abyss:2  | Noticed a blizzard demon
    91 | D:1      | Escaped the Abyss
   555 | D:1      | Reached XP level 2. HP: 24/24 MP: 3/3
   867 | D:1      | Reached * piety under Lugonu
  1067 | D:2      | Reached XP level 3. HP: 28/29 MP: 4/4
  1881 | D:3      | Reached skill level 1 in Throwing
  2022 | D:3      | Noticed Kriby's ghost (novice HuAK)
  2144 | D:3      | Reached XP level 4. HP: 23/35 MP: 5/5
  2524 | D:3      | Reached ** piety under Lugonu
  2713 | D:3      | Reached skill level 3 in Axes
  2982 | D:4      | Reached XP level 5. HP: 41/41 MP: 7/7
  3005 | D:4      | Found Muduwk's Antique Weapon Emporium.
  3012 | D:4      | Bought a crystal mace for 216 gold pieces
  3012 | D:4      | Identified the +6 mace of Dithmenos's Outrage {speed, *Corrode rPois rN+} (You bought it in a shop on level 4 of the Dungeon)
  3360 | D:4      | Noticed Kriby's ghost (novice HuAK)
  3388 | D:4      | Gained mutation: You are dopey. (Int -2) [potion of mutation]
  3388 | D:4      | Gained mutation: You are robust. (+10% HP) [potion of mutation]
  3397 | D:4      | Killed Kriby's ghost
  3397 | D:4      | Reached skill level 4 in Axes
  3397 | D:4      | Reached XP level 6. HP: 8/52 MP: 2/8
  3397 | D:4      | Reached XP level 7. HP: 9/59 MP: 2/9
  3412 | D:4      | HP: 4/88 [poisoned by Kriby's ghost]
  3420 | D:4      | HP: 4/88 [poisoned by Kriby's ghost]
  3426 | D:4      | HP: 3/88 [poisoned by Kriby's ghost]
  3432 | D:4      | HP: 3/88 [poisoned by Kriby's ghost]
  3438 | D:4      | HP: 3/88 [poisoned by Kriby's ghost]
  4252 | D:5      | Entered Level 5 of the Dungeon
  4265 | D:5      | Reached XP level 8. HP: 40/66 MP: 10/10
  4459 | D:5      | Reached skill level 5 in Axes
  4517 | D:5      | Noticed a human
  4519 | D:5      | Found a runed door.
  4554 | D:5      | Reached *** piety under Lugonu
  4963 | D:5      | Noticed Grinder
  4968 | D:5      | Killed Grinder
  5505 | D:5      | Found a basalt altar of Yredelemnul.
  5626 | D:5      | Reached XP level 9. HP: 72/73 MP: 12/12
  5914 | D:5      | Reached skill level 5 in Fighting
  5914 | D:5      | Reached skill level 6 in Axes
  6271 | D:6      | Reached skill level 5 in Invocations
  6630 | D:6      | Reached **** piety under Lugonu
  6755 | D:6      | Identified the cursed +1 hand axe "Edupnu" {chop, rPois} (You found it on level 6 of the Dungeon)
  7322 | D:7      | Reached skill level 7 in Axes
  7325 | D:7      | Reached skill level 5 in Armour
  7576 | D:7      | Reached skill level 5 in Dodging
  7602 | D:7      | Reached XP level 10. HP: 64/83 MP: 14/14
  8017 | D:7      | Reached skill level 5 in Throwing
  8218 | D:7      | Found a staircase to the Ecumenical Temple.
  8683 | D:8      | Found Syxtumeg's Food Emporium.
  8700 | D:8      | Found Jaumad's Antique Weapon Shop.
  8751 | D:8      | Found a flagged portal.
  8792 | Bailey   | Entered a bailey
  8854 | Bailey   | Reached skill level 8 in Axes
  9029 | Bailey   | Reached ***** piety under Lugonu
  9196 | Bailey   | Reached skill level 1 in Shields
  9714 | D:8      | Found a sacrificial altar of Ru.
 10598 | D:9      | Found Tysoefoz's Distillery.
 10834 | D:9      | Bought a potion of curing for 51 gold pieces
 10834 | D:9      | Bought a potion of curing for 51 gold pieces
 10834 | D:9      | Bought a potion of flight for 51 gold pieces
 10834 | D:9      | Bought a potion of mutation for 136 gold pieces
 10834 | D:9      | Bought 2 potions of curing for 102 gold pieces
 10834 | D:9      | Bought a potion of heal wounds for 85 gold pieces
 11339 | D:9      | Reached XP level 11. HP: 91/91 MP: 14/16
 11748 | D:10     | Entered Level 10 of the Dungeon
 11768 | D:10     | Reached skill level 9 in Axes
 12405 | D:10     | Noticed Erolcha
 12409 | D:10     | Banished Erolcha
 13552 | D:10     | Identified a scroll of acquirement
 14110 | D:11     | Found a staircase to the Lair.
 14216 | D:11     | Reached skill level 10 in Axes
 14475 | D:11     | Noticed a cyclops
 14535 | D:11     | Killed a cyclops
 14535 | D:11     | Reached XP level 12. HP: 82/101 MP: 17/17
 15762 | Lair:1   | Entered Level 1 of the Lair of Beasts
 15762 | Lair:1   | Noticed Sonja
 15763 | Lair:1   | Banished Sonja
 16052 | Lair:1   | Found a frozen archway.
 16090 | IceCv    | Entered an ice cave
 16272 | IceCv    | Found a transporter.
 16331 | IceCv    | Found a transporter.
 17594 | Lair:2   | Noticed a seven-headed hydra
 17595 | Lair:2   | Banished a seven-headed hydra
 17595 | Lair:2   | Reached skill level 11 in Axes
 17635 | Lair:2   | Found a hole to the Spider Nest.
 17886 | Lair:2   | Noticed a six-headed hydra
 17887 | Lair:2   | Banished a six-headed hydra
 18767 | Lair:2   | Reached XP level 13. HP: 49/108 MP: 19/19
 19068 | Lair:3   | Found a staircase to the Swamp.
 19232 | Lair:3   | Got a flickering ivory ring
 19233 | Lair:3   | Identified the ring of Ompaxki {rElec rF+ MR++ MP+9} (You found it on level 3 of the Lair of Beasts)
 20225 | Lair:3   | Noticed Fannar
 20234 | Lair:3   | Banished Fannar
 20899 | Lair:3   | Reached skill level 12 in Axes
 21168 | Lair:3   | Found the +8 whip "Snakebite" {curare, rPois}
 22232 | Lair:4   | Noticed a seven-headed hydra
 22241 | Lair:4   | Banished a seven-headed hydra
 22886 | Lair:5   | Noticed a seven-headed hydra
 22887 | Lair:5   | Banished a seven-headed hydra
 23118 | Lair:5   | Noticed an eight-headed hydra
 23125 | Lair:5   | Reached skill level 10 in Invocations
 23132 | Lair:5   | Banished an 11-headed hydra
 24038 | Lair:6   | Entered Level 6 of the Lair of Beasts
 24042 | Lair:6   | Reached XP level 14. HP: 119/119 MP: 21/21
 24392 | Lair:6   | Reached skill level 13 in Axes
 24516 | Lair:6   | Reached skill level 10 in Fighting
 25192 | Lair:6   | Reached skill level 10 in Armour
 25526 | Lair:6   | Reached skill level 10 in Dodging
 26643 | Lair:6   | Found a staircase to the Slime Pits.
 27127 | Lair:6   | Reached skill level 14 in Axes
 27328 | Lair:6   | Noticed Kirke
 27346 | Lair:6   | Killed Kirke
 27346 | Lair:6   | Reached XP level 15. HP: 108/128 MP: 22/22
 27538 | Lair:6   | Identified the +3 ring mail of the Hall of Blades {rF+} (You found it on level 6 of the Lair of Beasts)
 28193 | D:12     | Found Vuavom's Gadget Boutique.
 28430 | D:12     | Noticed Liquorice's ghost (journeyman TrMo)
 28447 | D:12     | Killed Liquorice's ghost
 28704 | D:12     | Found a staircase to the Orcish Mines.
 28880 | D:12     | Found Gajyl's Jewellery Boutique.
 29005 | D:12     | Noticed Nergalle
 29012 | D:12     | Killed Nergalle
 31358 | D:13     | Reached skill level 15 in Axes
 31657 | D:13     | Found a gate to the Vaults.
 31812 | D:13     | Found Gocyvo's Antique Weapon Boutique.
 32069 | D:14     | Identified the +1 falchion "Toulibli" {distort, rElec MR+++ Str+2 Dex-2} (You found it on level 14 of the Dungeon)
 32288 | D:14     | Reached ****** piety under Lugonu
 32780 | D:15     | Entered Level 15 of the Dungeon
 32780 | D:15     | Found a labyrinth entrance.
 32788 | Lab      | Entered a labyrinth
 32905 | Lab      | Identified the +1 chain mail of Knowledge {rElec rC++ Int+3 Stlth+} (You found it in a labyrinth)
 33429 | D:15     | HP: 4/130 [two-headed ogre/giant club (11)]
 34214 | D:15     | Reached XP level 16. HP: 114/139 MP: 23/23
 34486 | D:15     | Found a staircase to the Depths.
 34795 | D:15     | Found Irchacun's Antique Armour Boutique.
 34824 | D:15     | Bought a pair of spiked gloves for 332 gold pieces
 34824 | D:15     | Bought a steaming chain mail for 332 gold pieces
 34824 | D:15     | Identified the +1 pair of gloves "Raomaq" {rN+ MR+ Str+4} (You bought it in a shop on level 15 of the Dungeon)
 34830 | D:15     | Identified the cursed +0 chain mail of Gozag's Vengeance {-Cast rElec rCorr SInv} (You bought it in a shop on level 15 of the Dungeon)
 35616 | Orc:1    | Entered Level 1 of the Orcish Mines
 35954 | Orc:2    | Entered Level 2 of the Orcish Mines
 36269 | Orc:2    | Found a roughly hewn altar of Beogh.
 36280 | Orc:2    | Found a staircase to the Elven Halls.
 36391 | Orc:2    | Found Meth's Antique Armour Boutique.
 36975 | Orc:2    | Reached skill level 16 in Axes
 37550 | Orc:1    | Found a roughly hewn altar of Beogh.
 38056 | Orc:2    | Found Boam's Food Emporium.
 38059 | Orc:2    | Found Bizeoc's Magic Scroll Boutique.
 38067 | Orc:2    | Found Geuphous's Jewellery Shop.
 38086 | Orc:2    | Bought a scroll of immolation for 52 gold pieces
 38086 | Orc:2    | Bought a scroll of blinking for 112 gold pieces
 38541 | Swamp:1  | Entered Level 1 of the Swamp
 40658 | Swamp:2  | Reached XP level 17. HP: 125/148 MP: 24/24
 43214 | Swamp:3  | Noticed a thorn hunter
 43225 | Swamp:3  | Killed a thorn hunter
 45437 | Swamp:4  | Entered Level 4 of the Swamp
 45456 | Swamp:4  | Reached skill level 17 in Axes
 46492 | Swamp:4  | Noticed the 27-headed Lernaean hydra
 48126 | Swamp:4  | Killed the 18-headed Lernaean hydra
 48126 | Swamp:4  | Reached XP level 18. HP: 72/157 MP: 26/26
 48655 | Swamp:4  | Got a decaying rune of Zot
 49179 | Spider:1 | Entered Level 1 of the Spider Nest
 52618 | Spider:2 | You fall through a shaft!
 53203 | Spider:2 | Reached skill level 18 in Axes
 54404 | Spider:3 | Noticed Azrael
 54419 | Spider:3 | Killed Azrael
 55118 | Spider:3 | Noticed Louise
 55156 | Spider:3 | Killed Louise
 55213 | Spider:2 | Identified a +2 broad axe of distortion (a +0 broad axe corrupted by Lugonu)
 55213 | Spider:2 | Received a gift from Lugonu
 55640 | Spider:3 | Reached XP level 19. HP: 166/166 MP: 28/28
 56053 | Spider:4 | Entered Level 4 of the Spider Nest
 57024 | Spider:4 | Reached skill level 5 in Shields
 58475 | Spider:4 | Got a gossamer rune of Zot
 58847 | Vaults:1 | Entered Level 1 of the Vaults
 61082 | Vaults:2 | Found a staircase to the Crypt.
 61324 | Vaults:2 | Reached XP level 20. HP: 176/176 MP: 29/29
 63179 | Vaults:3 | Reached skill level 10 in Shields
 63835 | Vaults:3 | Reached skill level 15 in Fighting
 64310 | Vaults:4 | Reached skill level 15 in Armour
 64439 | Vaults:4 | Gained mutation: You are weak. (Str -2) [a cacodemon]
 64448 | Vaults:4 | Reached skill level 15 in Dodging
 64448 | Vaults:4 | Reached XP level 21. HP: 184/184 MP: 30/30
 64459 | Vaults:4 | Noticed an ancient lich
 64859 | Vaults:3 | Killed an ancient lich
 67261 | Vaults:4 | Reached XP level 22. HP: 156/194 MP: 31/31
 67777 | Crypt:1  | Entered Level 1 of the Crypt
 70095 | Abyss:1  | Killed a bone dragon
 70273 | Crypt:2  | Escaped the Abyss
 70960 | Crypt:1  | Slain by a ghoul

Vault maps used:
D:1:      lemuel_arrival_funnel
D:2:      grunt_ministairs_5
D:4:      serial_shops, shop, first_ration
D:5:      corexii_shantytown, dk_yredelemnul_ordeal, uniq_grinder
D:6:      corner_web_ring, hangedman_decor_diamond_cutter
D:7:      minmay_temple_entry_trees
D:8:      nicolae_overflow_crystal_walls, enter_bailey_7, serial_shops,
          shop_fountains, shop
D:9:      serial_shops, nicolae_shop_trees
D:10:     uniq_erolcha
D:11:     due_lair_maze_entry_diamond
D:12:     orc_0_dummy, serial_shops, kennysheep_mini,
          nicolae_shop_competitors_out_of_business,
          hangedman_little_slice_of_home, uniq_nergalle
D:13:     hangedman_arrow_trap, grunt_vaults_entry_tiered, serial_shops,
          nicolae_shop_trees
D:14:     nicolae_sextant
D:15:     grunt_enter_depths_magical_seal, serial_shops, shop,
          serial_park_square3, lab_entry_generic, serial_undead,
          serial_undead_f, serial_undead_c, serial_undead_b, serial_undead_d
Lair:1:   portal_ice_cave_entry_imps, st_stairs_7, uniq_sonja
Lair:2:   spider_nest_entry_web_field
Lair:3:   minmay_guarded_unrand_snakebite, swamp_mist,
          kennysheep_abandoned_house, serial_bayou_shore_a, grunt_megastairs_5,
          uniq_fannar
Lair:4:   st_stairs_5
Lair:5:   beast_lair_carwin_3
Lair:6:   gammafunk_lair_ancient_temple, minmay_slime_entry_eyes,
          serial_bayou_pond_e, uniq_kirke
Swamp:1:  nicolae_swamp_trees_clearing
Swamp:2:  infiniplex_staircase_pool, nicolae_swamp_alligator_family
Swamp:3:  serial_swamp_ruin, evilmike_swamp_ruin_rubble_1,
          evilmike_swamp_ruin_house_3, evilmike_swamp_ruin_house_2, swamp_pool2,
          hangedman_swamp_wriggling
Swamp:4:  swamp_old_school, swamp_pool1
Spider:2: hangedman_spider_trapstep
Spider:3: uniq_azrael, uniq_louise
Spider:4: grunt_spider_rune_circles, nicolae_spider_ant_collections
Orc:1:    basic_altar
Orc:2:    st_orc_open, nicolae_orc_lava_tube, mines2_david
Vaults:1: vaults_dpeg_cross, ontoclasm_vaults_fault,
          nicolae_vaults_little_squares_4, hangedman_vaults_snaps,
          nicolae_vaults_rhombus_5, vaults_dpeg_hooks, vaults_room_pool
Vaults:2: minmay_crypt_entry_vampire_xt, dpeg_vaults_monster_row, v_misc_1,
          vaults_room_stairs_pillars, v_misc_9, vaults_room_door_hall,
          v_misc_33, v_pattern_1, ontoclasm_vaults_idyll, v_misc_16,
          vaults_room_fancy_cross, v_misc_23, nicolae_vaults_little_squares_1
Vaults:3: vaults_room_fancy_cross, vaults_room_glass_cross,
          vaults_standard_mumra_x, v_pattern_3, hangedman_vaults_stream,
          v_alt_pattern_3, vaults_mumra_chevron, ontoclasm_vaults_ligature,
          v_misc_24, nicolae_vaults_theta, v_misc_10, v_misc_2, v_alt_pattern_2
Vaults:4: v_misc_22, st_eye, v_misc_5, v_rooms_4, vaults_room_large_hall,
          nicolae_vaults_network_square, v_misc_19,
          nicolae_vaults_little_squares_6, vaults_room_grunt_arrival_ludios,
          nicolae_vaults_little_squares_6, nicolae_vaults_little_squares_2,
          ontoclasm_vaults_decontamination, vaults_dpeg_ring
Crypt:1:  infiniplex_enter_wizlab_spiral
Abyss:2:  minivault_13
Lab:      labyrinth_skeletal_remains, nicolae_lab_swirl, nicolae_lab_garden,
          nicolae_lab_big_swirl, nicolae_lab_statue, labyrinth_fake_exit,
          nicolae_lab_stuck, nicolae_lab_hexagon, nicolae_lab_very_dead_end,
          nicolae_lab_grate_2, nicolae_lab_quarters, nicolae_lab_checkerboard,
          labyrinth_glass_1
Bailey:   bailey_polearm_gnolls_kennysheep, bailey
IceCv:    ice_cave_statue_garden_transporter

Skill      XL: |  1  2  3  4  5  6  7  8  9 10 11 12 13 14 15 16 17 18 19 20 21 22 |
---------------+-------------------------------------------------------------------+-----
Throwing       | 1 2 3 4 5 |  5.0
Axes           | 3 4 5 7 8 10 11 12 14 15 16 17 18 | 18.2
Dodging        | 2 3 4 5 6 7 8 9 10 11 12 13 14 15 16 | 16.3
Fighting       | 4 5 6 7 8 9 10 11 12 13 14 15 16 | 16.4
Armour         | 3 4 5 6 7 8 9 10 11 12 13 14 15 16 | 16.3
Invocations    | 3 4 5 6 7 9 10 11 12 | 12.1
Shields        | 2 3 8 11 13 14 | 14.4

Action                   |  1- 3 |  4- 6 |  7- 9 | 10-12 | 13-15 | 16-18 | 19-21 | 22-24 || total
-------------------------+-------+-------+-------+-------+-------+-------+-------+-------++-------
Melee: Hand axe          |   118 |     9 |       |       |       |       |       |       ||   127
       Dagger            |       |    67 |       |       |       |       |       |       ||    67
       Mace              |       |    29 |   285 |       |       |       |       |       ||   314
       War axe           |       |       |   102 |   491 |       |       |       |       ||   593
       Battleaxe         |       |       |       |   368 |  1153 |  1553 |       |       ||  3074
       Whip              |       |       |       |       |     3 |       |       |       ||     3
       Broad axe         |       |       |       |       |       |    15 |  1479 |   554 ||  2048
Throw: Throwing net      |       |       |       |       |       |     1 |       |       ||     1
Invok: Depart the Abyss  |     1 |       |       |       |       |       |       |       ||     1
       Bend Space        |       |     5 |       |       |       |       |       |       ||     5
       Banish            |       |       |       |     4 |    20 |    16 |       |     1 ||    41
       Brand Weapon With |       |       |       |       |       |     1 |       |       ||     1
       Enter the Abyss   |       |       |       |       |       |       |       |     1 ||     1
Evoke: Wand              |       |     4 |     5 |     9 |    21 |    15 |       |     1 ||    55
       Phantom mirror    |       |       |       |       |       |     1 |       |       ||     1
       Phial of floods   |       |       |       |       |       |       |     1 |     1 ||     2
  Use: Scroll            |     1 |     1 |    10 |    13 |    16 |    11 |     8 |     6 ||    66
       Potion            |       |     4 |       |     6 |    15 |     6 |     7 |    15 ||    53
 Stab: Distracted        |       |       |       |     1 |       |       |     1 |     3 ||     5
       Invisible         |       |       |       |     3 |     9 |       |       |       ||    12
       Confused          |       |       |       |       |       |     1 |       |       ||     1
  Eat: Chunk             |     4 |     4 |    13 |    24 |    37 |    27 |    31 |     5 ||   145
       Ration            |       |       |       |     5 |     6 |    14 |     2 |     3 ||    30
Armor: Plate armour      |    86 |    62 |   280 |   512 |    74 |   578 |       |       ||  1592
       Skin              |       |     3 |       |       |    20 |       |     5 |       ||    28
       Ring mail         |       |       |       |    53 |   330 |       |       |       ||   383
       Swamp dragon scal |       |       |       |       |       |   211 |   294 |   130 ||   635
Dodge: Dodged            |    16 |    16 |    91 |   285 |   866 |  1121 |   459 |   227 ||  3081
Block: Shield            |       |       |    51 |   342 |       |       |       |       ||   393
       Reflection        |       |       |       |    12 |     2 |     7 |   106 |     1 ||   128
       Other             |       |       |       |    64 |   238 |   398 |       |       ||   700
       Large shield      |       |       |       |       |       |    19 |  1410 |   668 ||  2097

Table legend:
 A = Spawn XP
 B = Non-spawn XP
 C = Spawn XP percentage of total XP
 D = Spawn monster count
 E = Non-spawn monster count
 F = Spawn count percentage of total count
 G = Total turns spent on level
                    A         B        C        D         E        F      G
               +---------+---------+-------+---------+---------+-------+---------
         Total |    6291 |  581418 |   1.1 |       9 |    1601 |   0.6 | 70960
               +---------+---------+-------+---------+---------+-------+---------
           D:1 |       0 |      22 |   0.0 |       0 |      10 |   0.0 |   922
           D:2 |       0 |      38 |   0.0 |       0 |      16 |   0.0 |   754
           D:3 |       0 |      73 |   0.0 |       0 |      24 |   0.0 |  1154
           D:4 |       0 |     861 |   0.0 |       0 |      15 |   0.0 |  1671
           D:5 |       0 |    1168 |   0.0 |       0 |      54 |   0.0 |  1562
           D:6 |       0 |    1362 |   0.0 |       0 |      33 |   0.0 |  1393
           D:7 |       0 |    1573 |   0.0 |       0 |      32 |   0.0 |  1089
           D:8 |       0 |     109 |   0.0 |       0 |      13 |   0.0 |   698
           D:9 |       0 |    2385 |   0.0 |       0 |      22 |   0.0 |  1615
          D:10 |       0 |    3036 |   0.0 |       0 |      26 |   0.0 |  1832
          D:11 |       0 |    5028 |   0.0 |       0 |      43 |   0.0 |  2259
          D:12 |       0 |    6437 |   0.0 |       0 |      37 |   0.0 |  1568
          D:13 |       0 |   15076 |   0.0 |       0 |      58 |   0.0 |  2467
          D:14 |       0 |    5328 |   0.0 |       0 |      21 |   0.0 |  1513
          D:15 |       0 |   17898 |   0.0 |       0 |      47 |   0.0 |  1893
        Lair:1 |       0 |    2351 |   0.0 |       0 |      21 |   0.0 |  1253
        Lair:2 |       0 |    5134 |   0.0 |       0 |      26 |   0.0 |  1975
        Lair:3 |       0 |    8165 |   0.0 |       0 |      56 |   0.0 |  3054
        Lair:4 |       0 |    4988 |   0.0 |       0 |      20 |   0.0 |  1051
        Lair:5 |       0 |    6967 |   0.0 |       0 |      23 |   0.0 |  2197
        Lair:6 |       0 |   29085 |   0.0 |       0 |      84 |   0.0 |  3259
       Swamp:1 |       0 |   10294 |   0.0 |       0 |      33 |   0.0 |  1726
       Swamp:2 |       0 |   11317 |   0.0 |       0 |      26 |   0.0 |  2510
       Swamp:3 |       0 |   17060 |   0.0 |       0 |      57 |   0.0 |  3414
       Swamp:4 |       0 |   29603 |   0.0 |       0 |      51 |   0.0 |  2305
      Spider:1 |       0 |   19079 |   0.0 |       0 |      47 |   0.0 |  3432
      Spider:2 |       0 |   21371 |   0.0 |       0 |      55 |   0.0 |  1884
      Spider:3 |       0 |   16608 |   0.0 |       0 |      42 |   0.0 |  2186
      Spider:4 |       0 |   35807 |   0.0 |       0 |      81 |   0.0 |  1987
         Orc:1 |       0 |    1377 |   0.0 |       0 |      20 |   0.0 |   672
         Orc:2 |       0 |   18173 |   0.0 |       0 |      63 |   0.0 |  2127
      Vaults:1 |       0 |   18203 |   0.0 |       0 |      38 |   0.0 |  1264
      Vaults:2 |       0 |   38668 |   0.0 |       0 |      65 |   0.0 |  3003
      Vaults:3 |       0 |   63932 |   0.0 |       0 |      89 |   0.0 |  3193
      Vaults:4 |       0 |   83861 |   0.0 |       0 |     111 |   0.0 |  2195
       Crypt:1 |       0 |   31358 |   0.0 |       0 |      43 |   0.0 |  1182
       Crypt:2 |       0 |   35045 |   0.0 |       0 |      47 |   0.0 |   987
       Abyss:1 |    6291 |    8172 |  43.5 |       9 |      11 |  45.0 |   311
           Lab |       0 |     616 |   0.0 |       0 |       1 |   0.0 |   122
        Bailey |       0 |    1229 |   0.0 |       0 |      30 |   0.0 |   799
         IceCv |       0 |    2561 |   0.0 |       0 |      10 |   0.0 |   413
               +---------+---------+-------+---------+---------+-------+---------
